 Dungeon Crawl Stone Soup version 0.20.1-1-g8b1a95d (webtiles) character file.

1829 dohliylev the Covert (level 8, -1/61 HPs)
             Began as a Vampire Assassin on Dec 3, 2017.
             Was an Initiate of Nemelex Xobeh.
             Slain by a hippogriff (6 damage)
             ... on level 7 of the Dungeon.
             The game lasted 00:35:41 (8619 turns).

dohliylev the Covert (Vampire Assassin)             Turns: 8619, Time: 00:35:42

Health: -1/61      AC:  7    Str:  5    XL:     8   Next: 86%
Magic:  8/8        EV: 20    Int: 14    God:    Nemelex Xobeh [......]
Gold:   376        SH:  0    Dex: 19    Spells: 7/7 levels left

rFire    + . .     SeeInvis +   a - +3 dagger
rCold    x . .     Gourm    .   (no shield)
rNeg     + . .     Faith    .   A - +1 leather armour of Tiadodigg {MR++ Str-5 Dex+2}
rPois    .         Spirit   .   w - +0 helmet
rElec    .         Reflect  .   d - +0 cloak
rCorr    .         Harm     +   l - +0 pair of gloves
MR       ++...                  (no boots)
Stlth    ++++......             i - amulet of harm
Regen    0.2/turn               u - +3 ring of evasion
MPRegen  0.2/turn               e - ring of fire

@: no status effects
A: fangs 3, see invisible, unbreathing
a: Bat Form, Renounce Religion


You were on level 7 of the Dungeon.
You worshipped Nemelex Xobeh.
Nemelex Xobeh was noncommittal.
You were not thirsty.

You visited 3 branches of the dungeon, and saw 10 of its levels.

You collected 376 gold pieces.

Inventory:

Hand Weapons
 a - a +3 dagger (weapon)
 b - a +0 blowgun
Armour
 d - a +0 cloak (worn)
 l - a +0 pair of gloves (worn)
 w - a +0 helmet (worn)
 A - the +1 leather armour of Tiadodigg (worn) {MR++ Str-5 Dex+2}
   (You found it on level 4 of the Dungeon)

   It affects your strength (-5).
   It affects your dexterity (+2).
   It affects your resistance to hostile enchantments.
 K - a +1 leather armour of cold resistance
Jewellery
 e - a ring of fire (right hand)
 h - an uncursed ring of protection from cold
 i - an amulet of harm (around neck)
 o - an uncursed ring of protection from fire
 u - a +3 ring of evasion (left hand)
Wands
 m - a wand of random effects (29/48)
 s - a wand of flame (7/48)
 D - a wand of iceblast (7/15)
 G - a wand of disintegration (19/24)
 H - a wand of clouds (3/9)
 I - a wand of iceblast (12/15)
Scrolls
 j - 2 scrolls of enchant weapon
 p - 2 scrolls of recharging
 r - a scroll of remove curse
 t - a scroll of identify {unknown}
 x - a scroll of fog {unknown}
 B - a scroll of magic mapping {unknown}
 C - a scroll of amnesia {unknown}
Potions
 c - a potion of ambrosia {unknown}
 k - 4 potions of might {unknown}
 n - 2 potions of haste {unknown}
 q - a potion of lignification {unknown}
 v - a potion of heal wounds {unknown}
 z - a potion of flight {unknown}
 E - 3 potions of curing {unknown}
Books
 F - a book of Battle

   Spells                             Type                      Level
   a - Infusion                       Charms                       1
   b - Shroud of Golubria             Charms/Translocation         2
   c - Song of Slaying                Charms                       2
   d - Spectral Weapon                Hexes/Charms                 3
   e - Regeneration                   Charms/Necromancy            3


   Skills:
 + Level 4.4 Fighting
 - Level 5.1 Short Blades
 - Level 1.5 Throwing
 - Level 1.1 Armour
 + Level 8.5 Dodging
 - Level 10.0 Stealth
 + Level 0.3 Invocations
 - Level 0.3 Evocations


You had 7 spell levels left.
You didn't know any spells.

Dungeon Overview and Level Annotations

Branches:
Dungeon (8/15)             Temple (1/1) D:5            Lair (1/6) D:8

Altars:
Ashenzari
Cheibriados
Dithmenos
Elyvilon
Fedhas
Gozag
Hepliaklqana
Makhleb
Nemelex Xobeh
Okawaru
Qazlal
Ru
Sif Muna
Uskayaw
Vehumet
Xom
Yredelemnul
Zin
The Shining One

Shops:
D:5 [

Annotations:
D:6 pstr's ghost, novice KoEE
D:7 othur's ghost, novice GrBe
Lair:1 Sonja


Innate Abilities, Weirdness & Mutations

You have razor-sharp teeth.
You have supernaturally acute eyesight. (SInv)
You can survive without breathing.


Message History

You draw a card...
It is Pain.
You have drawn Pain.
Press: ? - help, Shift-Dir - straight line, f/p - hippogriff
Aim: a hippogriff (severely wounded)
The hippogriff resists with some effort.
The hippogriff misses you. x2
The hippogriff claws you but does no damage.
Evoke which item? (* to show all) (? for menu, Esc to quit)
You draw a card...
It is Pain.
The deck of cards disappears without a trace.
You have drawn Pain.
Press: ? - help, Shift-Dir - straight line, f/p - hippogriff
Aim: a hippogriff (severely wounded)
The hippogriff convulses!
The hippogriff barely misses you.
The hippogriff pecks you but does no damage.
The hippogriff claws you!
* * * LOW HITPOINT WARNING * * *
The hippogriff completely misses you. The hippogriff pecks you.
You die...
Your body disappears without a glow.

# #....#.# #.# #.# #
#....#.# #.# #.# #
#....#.# #.# #.#
#....#.# #.######.#
# #....#.#
#......#.# #
#....#o# ######.#.#
# #....#H# #.#.#
####.#.# ######.#.#
######.#.#
#..@H....#
##......#.#
#.####.###
.....####.# #.#<##.#
##.#.##...# #.#.##.#
#.#.##.### #.#.##.#
#.#....# #.#....#
#.###########.######
#.............#
###############


You could see a hippogriff.

Vanquished Creatures
  Prince Ribbit (D:5)
  A hippogriff (D:5)
  Sigmund (D:5)
  2 sky beasts (D:6)
  An orc warrior (D:7)
  An ice beast (D:5)
  An ogre (D:6)
  2 phantoms
  Blork the orc (D:4)
  A scorpion (D:7)
  A jelly (D:4)
  A howler monkey (D:5)
  2 hounds
  3 orc priests
  An orc wizard (D:4)
  Ijyb (D:5)
  An iguana (D:5)
  Robin (D:4)
  3 gnolls (D:3)
  8 adders
  A shadow imp (D:5)
  An ooze (D:3)
  4 worms
  2 dart slugs
  6 leopard geckos
  12 orcs
  7 bats
  4 giant cockroaches
  7 hobgoblins
  9 jackals
  2 quokkas (D:3)
  2 ball pythons (D:1)
  2 frilled lizards (D:2)
  13 goblins
  9 kobolds
  A leopard gecko skeleton (D:5)
  5 rats
121 creatures vanquished.

Vanquished Creatures (collateral kills)
  Crazy Yiuf (D:5)
1 creature vanquished.

Grand Total: 122 creatures vanquished

Notes
Turn   | Place    | Note
-------+----------+-------------------------------------------
     0 | D:1      | dohliylev the Vampire Assassin began the quest for the Orb.
     0 | D:1      | Reached XP level 1. HP: 16/16 MP: 1/1
    13 | D:1      | Reached skill level 6 in Stealth
   368 | D:1      | Reached XP level 2. HP: 22/22 MP: 2/2
   683 | D:2      | Reached skill level 7 in Stealth
   989 | D:2      | Reached XP level 3. HP: 27/27 MP: 3/3
  1168 | D:2      | Found a deep blue altar of Sif Muna.
  1190 | D:2      | Reached skill level 8 in Stealth
  1258 | D:2      | Found a snail-covered altar of Cheibriados.
  1258 | D:2      | Found a shimmering altar of Xom.
  1472 | D:2      | Found a hazy altar of Hepliaklqana.
  1519 | D:2      | Reached XP level 4. HP: 20/33 MP: 4/4
  1901 | D:3      | Reached skill level 9 in Stealth
  2250 | D:3      | Reached XP level 5. HP: 15/38 MP: 5/5
  2379 | D:3      | Reached skill level 10 in Stealth
  2404 | D:3      | Noticed a phantom
  2496 | D:3      | Found a faded altar of an unknown god.
  2847 | D:3      | Killed a phantom
  2847 | D:3      | Reached XP level 6. HP: 44/44 MP: 6/6
  2910 | D:3      | Found an opulent altar of Gozag.
  3148 | D:4      | Noticed Robin
  3232 | D:4      | Noticed Blork the orc
  3241 | D:4      | Killed Blork the orc
  3276 | D:4      | Killed Robin
  3730 | D:4      | Found an iron altar of Okawaru.
  3884 | D:4      | Found a blossoming altar of Fedhas.
  3999 | D:4      | Reached skill level 5 in Short Blades
  3999 | D:4      | Reached XP level 7. HP: 31/49 MP: 7/7
  4072 | D:4      | Got a jewelled leather armour
  4299 | D:5      | Entered Level 5 of the Dungeon
  4331 | D:5      | Noticed Prince Ribbit
  4347 | D:5      | Noticed Sigmund
  4464 | D:5      | Found Zonnudap's Armour Emporium.
  4483 | D:5      | Identified the +1 leather armour of Tiadodigg {MR++ Str-5 Dex+2} (You found it on level 4 of the Dungeon)
  4578 | D:5      | Found a radiant altar of Vehumet.
  4579 | D:5      | Noticed a hippogriff
  4595 | D:5      | HP: 1/51 [hippogriff (3)]
  4610 | D:5      | Killed a hippogriff
  4610 | D:5      | Reached skill level 5 in Dodging
  4881 | D:6      | Noticed pstr's ghost (novice KoEE)
  5051 | D:6      | Reached skill level 1 in Armour
  5051 | D:6      | Reached XP level 8. HP: 12/58 MP: 8/8
  5531 | D:7      | Noticed a hippogriff
  5668 | D:8      | Found a shadowy altar of Dithmenos.
  5673 | D:8      | Noticed a hippogriff
  5692 | D:8      | Found a staircase to the Lair.
  5703 | Lair:1   | Entered Level 1 of the Lair of Beasts
  5725 | Lair:1   | Noticed Sonja
  5784 | Lair:1   | Noticed a hippogriff
  6074 | D:7      | Noticed othur's ghost (novice GrBe)
  6505 | D:5      | Killed Prince Ribbit
  6572 | D:5      | Noticed Ijyb
  6575 | D:5      | Killed Ijyb
  6670 | D:5      | Found a hide-covered altar of Uskayaw.
  6768 | D:5      | Killed Sigmund
  6816 | D:5      | Found a staircase to the Ecumenical Temple.
  6847 | Temple   | Entered the Ecumenical Temple
  6889 | Temple   | Became a worshipper of Nemelex Xobeh the Trickster
  6994 | Temple   | Received a gift from Nemelex Xobeh
  7117 | D:5      | Noticed an air elemental
  7170 | D:5      | Found a runed door.
  7174 | D:5      | Noticed Crazy Yiuf
  7180 | D:5      | Killed Crazy Yiuf
  8223 | D:7      | HP: 1/61 [hippogriff (9)]
  8607 | D:7      | HP: 3/61 [hippogriff (9)]
  8619 | D:7      | Slain by a hippogriff

Skill      XL: |  1  2  3  4  5  6  7  8 |
---------------+-------------------------+-----
Stealth        | 6 7 8 9 10 | 10.0
Short Blades   | 3 5 |  5.1
Dodging        | 2 3 5 8 |  8.5
Fighting       | 3 4 |  4.4
Armour         | 1 |  1.1
Throwing       | |  1.5
Invocations    | |  0.3
Evocations     | |  0.3

Action                   |  1- 3 |  4- 6 |  7- 9 || total
-------------------------+-------+-------+-------++-------
Melee: Dagger            |   123 |   203 |   290 ||   616
       Bite              |     5 |    23 |    32 ||    60
 Fire: Blowgun           |    20 |    42 |    16 ||    78
 Abil: End Transformatio |       |       |     5 ||     5
       Bat Form          |       |       |     5 ||     5
Evoke: Wand              |       |    14 |     6 ||    20
       Deck              |       |       |     6 ||     6
  Use: Potion            |       |       |    10 ||    10
       Scroll            |       |       |     6 ||     6
 Stab: Sleeping          |    11 |     7 |     5 ||    23
       Distracted        |       |       |     2 ||     2
  Eat: Corpse            |    11 |    11 |     1 ||    23
Armor: Robe              |    15 |    29 |     1 ||    45
       Leather armour    |       |       |    43 ||    43
Dodge: Dodged            |    69 |   114 |   257 ||   440
